3AAA
HOUSTON BC @ ALASKAN HUMPBACKS
07/20/2022
 
TOP OF THE 1ST
Houston BC batting - Pitching for Alaskan Humpbacks : LHP Jim Unknown
Pitching: LHP Jim Unknown
Batting: RHB José Muńóz 0-0: Ball
1-0: Foul Ball, location: 2F
1-1: Ball
2-1: Ground out 4-3 (Groundball, 4S)
Batting: RHB Randy Gregory 0-0: Called Strike
0-1: Ball
1-1: Ball
2-1: Ground out 1-3 (Groundball, 15)
Batting: LHB Yun Yen 0-0: Called Strike
0-1: Swinging Strike
0-2: SINGLE (Line Drive, 89S)
Batting: LHB Jesús Reyes 0-0: Ball
1-0: Called Strike
1-1: Foul Ball, location: 2F
1-2: Ball
2-2: Ground out 4-3 (Groundball, 34)
Top of the 1st over - 0 run(s), 1 hit(s), 0 error(s), 1 left on base; Houston 0 - Alaskan 0
BOTTOM OF THE 1ST
Alaskan Humpbacks batting - Pitching for Houston BC : LHP Carlos Méndez
Pitching: LHP Carlos Méndez
Batting: RHB Dave O'Day 0-0: Ball
1-0: Called Strike
1-1: Hit by Pitch
Batting: RHB Thomas Vaughan 0-0: Fly out, F9 (Line Drive, 89S)
Batting: SHB Al Anderson 0-0: Called Strike
0-1: Called Strike
0-2: Ball
1-2: Ball
2-2: Fly out, F6 (Popup, 6)
Batting: RHB Joe Craig 0-0: Ball
1-0: Foul Ball, location: 2F
1-1: Fly out, F9 (Flyball, 89M)
Bottom of the 1st over - 0 run(s), 0 hit(s), 0 error(s), 1 left on base; Houston 0 - Alaskan 0
TOP OF THE 2ND
Houston BC batting - Pitching for Alaskan Humpbacks : LHP Jim Unknown
Batting: RHB Micah Miller 0-0: Ball
1-0: Ball
2-0: SINGLE (Groundball, 56D)
Batting: LHB António Rivera 0-0: Swinging Strike
0-1: Called Strike
0-2: Ball
1-2: Foul Ball, location: 2F
1-2: Strikes out swinging
Batting: RHB Ludovico Trezza 0-0: Called Strike
0-1: Fielders Choice at 2nd, 6-4 (Groundball, 6)
Batting: LHB Gonzalo Durán 0-0: Ball
Ludovico Trezza is caught stealing 2nd base
Top of the 2nd over - 0 run(s), 1 hit(s), 0 error(s), 0 left on base; Houston 0 - Alaskan 0
BOTTOM OF THE 2ND
Alaskan Humpbacks batting - Pitching for Houston BC : LHP Carlos Méndez
Batting: RHB Juan García 0-0: Swinging Strike
0-1: Foul Ball, location: 2F
0-2: Fly out, F7 (Popup, 56D)
Batting: RHB Jared Smith 0-0: Ball
1-0: Swinging Strike
1-1: Swinging Strike
1-2: Ground out 5-3 (Groundball, 5)
Batting: RHB Mal Green 0-0: Called Strike
0-1: Swinging Strike
0-2: Ball
1-2: Ball
2-2: Strikes out swinging
Bottom of the 2nd over - 0 run(s), 0 hit(s), 0 error(s), 0 left on base; Houston 0 - Alaskan 0
TOP OF THE 3RD
Houston BC batting - Pitching for Alaskan Humpbacks : LHP Jim Unknown
Batting: LHB Gonzalo Durán 0-0: SINGLE (Line Drive, 78S)
Batting: RHB Bobby Buck 0-0: Called Strike
0-1: Ball
1-1: Ball
2-1: Ball
3-1: Called Strike
3-2: Strikes out swinging
Gonzalo Durán steals 2nd base
Batter strikes out.
Batting: RHB José Muńóz 0-0: Swinging Strike
0-1: Fly out, F8 (Flyball, 8LXD)
Runner from 2nd tags up, SAFE at 3rd, no throw
Batting: RHB Randy Gregory 0-0: Ball
1-0: Ball
2-0: Ball
3-0: Called Strike
3-1: Ground out 5-3 (Groundball, 5L)
Top of the 3rd over - 0 run(s), 1 hit(s), 0 error(s), 1 left on base; Houston 0 - Alaskan 0
BOTTOM OF THE 3RD
Alaskan Humpbacks batting - Pitching for Houston BC : LHP Carlos Méndez
Batting: RHB Dave Farr 0-0: Ball
1-0: Called Strike
1-1: Ball
2-1: Foul Ball, location: 2F
2-2: Hit by Pitch
Batting: SHB Josef Koper 0-0: Swinging Strike
0-1: Called Strike
0-2: Ball
1-2: Ball
2-2: Ball
3-2: Strikes out swinging
Dave Farr is caught stealing 2nd base
Batter strikes out.
Batting: RHB Dave O'Day 0-0: Ground out U3 (Groundball, 3)
Bottom of the 3rd over - 0 run(s), 0 hit(s), 0 error(s), 0 left on base; Houston 0 - Alaskan 0
TOP OF THE 4TH
Houston BC batting - Pitching for Alaskan Humpbacks : LHP Jim Unknown
Batting: LHB Yun Yen 0-0: Foul Ball, location: 2F
0-1: Ball
1-1: Ball
2-1: Ball
3-1: Foul Ball, location: 2F
3-2: Base on Balls
Batting: LHB Jesús Reyes 0-0: Ball
1-0: Fly out, F8 (Line Drive, 8RD)
Batting: RHB Micah Miller 0-0: Ground out 5-3 (Groundball, 5S)
Yun Yen to second
Batting: LHB António Rivera 0-0: Called Strike
0-1: Swinging Strike
0-2: Ball
1-2: Ball
2-2: Ball
3-2: Foul Ball, location: 2F
3-2: TRIPLE (Flyball, 8RM)
Yun Yen scores
Batting: RHB Ludovico Trezza 0-0: 2-RUN HOME RUN (Flyball, 7LD), Distance : 359 ft
Batting: LHB Gonzalo Durán 0-0: Ball
1-0: Fly out, F6 (Popup, 6D)
Top of the 4th over - 3 run(s), 2 hit(s), 0 error(s), 0 left on base; Houston 3 - Alaskan 0
BOTTOM OF THE 4TH
Alaskan Humpbacks batting - Pitching for Houston BC : LHP Carlos Méndez
Batting: RHB Thomas Vaughan 0-0: Ball
1-0: Ball
2-0: Ball
3-0: Called Strike
3-1: Foul Ball, location: 2F
3-2: Foul Ball, location: 2F
3-2: Fly out, F8 (Flyball, 8LD)
Batting: SHB Al Anderson 0-0: Called Strike
0-1: Foul Ball, location: 2F
0-2: Foul Ball, location: 2F
0-2: Ball
1-2: Ball
2-2: Ball
3-2: Fly out, F9 (Flyball, 9M)
Batting: RHB Joe Craig 0-0: Ball
1-0: Ball
2-0: SINGLE (Flyball, 4D)
Batting: RHB Juan García 0-0: Called Strike
0-1: Ball
1-1: Ball
2-1: Foul Ball, location: 2F
2-2: Strikes out swinging
Bottom of the 4th over - 0 run(s), 1 hit(s), 0 error(s), 1 left on base; Houston 3 - Alaskan 0
TOP OF THE 5TH
Houston BC batting - Pitching for Alaskan Humpbacks : LHP Jim Unknown
Batting: RHB Bobby Buck 0-0: Ball
1-0: Ground out 5-3 (Groundball, 5S)
Batting: RHB José Muńóz 0-0: Ball
1-0: Ground out 5-3 (Groundball, 15S)
Batting: RHB Randy Gregory 0-0: Ball
1-0: Ball
2-0: Called Strike
2-1: SINGLE (Groundball, 6)
Batting: LHB Yun Yen 0-0: Called Strike
0-1: SINGLE (Groundball, 34D)
Randy Gregory to second
Runner from 2nd tries for 3rd, SAFE, no throw or cutoff
Batting: LHB Jesús Reyes 0-0: Called Strike
0-1: Foul Ball, location: 2F
0-2: Ball
1-2: Ball
2-2: SINGLE (Line Drive, 9S)
Randy Gregory scores
Yun Yen to second
Batting: RHB Micah Miller 0-0: Ball
1-0: Ball
2-0: SINGLE (Line Drive, 6MD)
Yun Yen to third
Jesús Reyes to second
Runner from 3rd tries for Home, SAFE, no throw or cutoff
Batting: LHB António Rivera 0-0: Ball
1-0: Ball
2-0: Ball
3-0: Base on Balls
Jesús Reyes to third
Micah Miller to second
Batting: RHB Ludovico Trezza 0-0: Fly out, F9 (Flyball, 9D)
Top of the 5th over - 2 run(s), 4 hit(s), 0 error(s), 3 left on base; Houston 5 - Alaskan 0
BOTTOM OF THE 5TH
Alaskan Humpbacks batting - Pitching for Houston BC : LHP Carlos Méndez
Batting: RHB Jared Smith 0-0: Swinging Strike
0-1: Ball
1-1: Called Strike
1-2: Strikes out swinging
Batting: RHB Mal Green 0-0: Fly out, F7 (Flyball, 7D)
Batting: RHB Dave Farr 0-0: Ball
1-0: Swinging Strike
1-1: Ball
2-1: Ball
3-1: Base on Balls
Batting: SHB Josef Koper 0-0: Foul Ball, location: 2F
0-1: Ball
1-1: Ground out 6-3 (Groundball, 6)
Bottom of the 5th over - 0 run(s), 0 hit(s), 0 error(s), 1 left on base; Houston 5 - Alaskan 0
TOP OF THE 6TH
Houston BC batting - Pitching for Alaskan Humpbacks : LHP Jim Unknown
Pitching: RHP Jim Unknown
Batting: LHB Gonzalo Durán 0-0: Ground out 6-3 (Groundball, 6)
Batting: RHB Bobby Buck 0-0: Called Strike
0-1: Foul Ball, location: 2F
0-2: SINGLE (Line Drive, 6D)
Batting: RHB José Muńóz 0-0: Called Strike
0-1: Swinging Strike
0-2: Ball
1-2: Foul Ball, location: 2F
1-2: Ball
2-2: Foul Ball, location: 2F
2-2: Foul Ball, location: 2F
2-2: Ball
3-2: Base on Balls
Bobby Buck to second
Batting: RHB Randy Gregory 0-0: Called Strike
0-1: Foul Ball, location: 2F
0-2: Ball
1-2: Strikes out swinging
Batting: LHB Yun Yen 0-0: Ground out 4-3 (Groundball, 4)
Top of the 6th over - 0 run(s), 1 hit(s), 0 error(s), 2 left on base; Houston 5 - Alaskan 0
BOTTOM OF THE 6TH
Alaskan Humpbacks batting - Pitching for Houston BC : LHP Carlos Méndez
Batting: RHB Dave O'Day 0-0: Swinging Strike
0-1: Swinging Strike
0-2: Ground out 1-3 (Groundball, 13)
Batting: RHB Thomas Vaughan 0-0: Swinging Strike
0-1: Foul Ball, location: 2F
0-2: Foul Ball, location: 2F
0-2: Foul Ball, location: 2F
0-2: Ball
1-2: Ball
2-2: Ball
3-2: SINGLE (Groundball, 56D)
Batting: SHB Al Anderson 0-0: Called Strike
0-1: Foul Ball, location: 2F
0-2: Ball
1-2: Fly out, F7 (Flyball, 7D)
Batting: RHB Joe Craig 0-0: Foul Ball, location: 2F
0-1: SINGLE (Line Drive, 56D)
Thomas Vaughan to second
Batting: RHB Juan García 0-0: Ball
1-0: Ball
2-0: Called Strike
2-1: DOUBLE (Line Drive, 8RM)
Thomas Vaughan scores
Joe Craig to third
Batting: RHB Jared Smith 0-0: Ball
1-0: Foul Ball, location: 2F
1-1: Fly out, F7 (Flyball, 7LDF)
Bottom of the 6th over - 1 run(s), 3 hit(s), 0 error(s), 2 left on base; Houston 5 - Alaskan 1
TOP OF THE 7TH
Houston BC batting - Pitching for Alaskan Humpbacks : RHP Jim Unknown
Batting: LHB Jesús Reyes 0-0: Called Strike
0-1: Ball
1-1: Called Strike
1-2: Strikes out looking
Batting: RHB Micah Miller 0-0: Called Strike
0-1: Swinging Strike
0-2: Ball
1-2: Strikes out swinging
Batting: LHB António Rivera 0-0: SINGLE (Groundball, 34D)
Batting: RHB Ludovico Trezza 0-0: Ball
1-0: Swinging Strike
1-1: Foul Ball, location: 2F
1-2: Strikes out swinging
Top of the 7th over - 0 run(s), 1 hit(s), 0 error(s), 1 left on base; Houston 5 - Alaskan 1
BOTTOM OF THE 7TH
Alaskan Humpbacks batting - Pitching for Houston BC : LHP Carlos Méndez
Batting: RHB Mal Green 0-0: Ball
1-0: Ball
2-0: Ball
3-0: Base on Balls
Pitching: RHP Luis Ramírez
Batting: RHB Dave Farr 0-0: Ball
1-0: Swinging Strike
1-1: Ball
2-1: Called Strike
2-2: Ball
3-2: Base on Balls
Mal Green to second
Batting: SHB Josef Koper 0-0: Foul Ball, location: 2F
0-1: Called Strike
0-2: Ball
1-2: Strikes out looking
Batting: RHB Dave O'Day 0-0: Foul Ball, location: 2F
0-1: Ball
1-1: Ball
2-1: Ball
3-1: Swinging Strike
3-2: Base on Balls
Mal Green to third
Dave Farr to second
Batting: RHB Thomas Vaughan 0-0: Ball
1-0: Called Strike
1-1: Ball
2-1: Called Strike
2-2: Strikes out swinging
Batting: SHB Al Anderson 0-0: Ball
1-0: Ball
2-0: Ball
3-0: Called Strike
3-1: Base on Balls
Mal Green scores
Dave Farr to third
Dave O'Day to second
Batting: RHB Joe Craig 0-0: Foul Ball, location: 2F
0-1: Ball
1-1: Fly out, F4 (Line Drive, 4)
Bottom of the 7th over - 1 run(s), 0 hit(s), 0 error(s), 3 left on base; Houston 5 - Alaskan 2
TOP OF THE 8TH
Houston BC batting - Pitching for Alaskan Humpbacks : RHP Jim Unknown
Batting: LHB Gonzalo Durán 0-0: Called Strike
0-1: Called Strike
0-2: Foul Ball, location: 2F
0-2: Foul Ball, location: 2F
0-2: Strikes out looking
Batting: RHB Bobby Buck 0-0: Ball
1-0: Foul Ball, location: 2F
1-1: Foul Ball, location: 2F
1-2: Foul Ball, location: 2F
1-2: SINGLE (Line Drive, 8LS)
Batting: RHB José Muńóz 0-0: Ball
1-0: Foul Ball, location: 2F
1-1: Fly out, F8 (Flyball, 8RD)
Batting: RHB Randy Gregory 0-0: Foul Ball, location: 2F
0-1: Ball
1-1: Called Strike
1-2: Ground out U3 (Groundball, 3)
Top of the 8th over - 0 run(s), 1 hit(s), 0 error(s), 1 left on base; Houston 5 - Alaskan 2
BOTTOM OF THE 8TH
Alaskan Humpbacks batting - Pitching for Houston BC : RHP Luis Ramírez
Now at 2B: Ángel González
Batting: RHB Juan García 0-0: Ball
1-0: Ball
2-0: Ball
3-0: Called Strike
3-1: Foul Ball, location: 2F
3-2: Base on Balls
Pitching: LHP Francisco Mora
Batting: RHB Jared Smith 0-0: Called Strike
0-1: Ball
1-1: Ball
2-1: Ball
3-1: Base on Balls
Juan García to second
Pitching: RHP Doug Ryan
Batting: RHB Mal Green 0-0: Called Strike
0-1: Foul Ball, location: 2F
0-2: Ball
1-2: Ball
2-2: Grounds into double play, 6-4-3 (Groundball, 6M)
Juan García to third
Batting: RHB Dave Farr 0-0: Ball
1-0: Called Strike
1-1: Swinging Strike
1-2: Foul Ball, location: 2F
1-2: Ball
2-2: Strikes out swinging
Bottom of the 8th over - 0 run(s), 0 hit(s), 0 error(s), 1 left on base; Houston 5 - Alaskan 2
TOP OF THE 9TH
Houston BC batting - Pitching for Alaskan Humpbacks : RHP Jim Unknown
Pitching: LHP Jim Unknown
Batting: LHB Yun Yen 0-0: Called Strike
0-1: Ball
1-1: SINGLE (Groundball, 34D)
Pitching: RHP Johnny Allen
Batting: LHB Jesús Reyes 0-0: Called Strike
0-1: Swinging Strike
0-2: Foul Ball, location: 2F
0-2: SINGLE (Flyball, 7LS)
Yun Yen to second
Batting: RHB Micah Miller 0-0: Ball
1-0: Swinging Strike
1-1: Foul Ball, location: 2F
1-2: Foul Ball, location: 2F
1-2: Foul Ball, location: 2F
1-2: Foul Ball, location: 2F
1-2: Strikes out swinging
Batting: LHB António Rivera 0-0: Foul Ball, location: 2F
Single, Error in OF, E7, batter to second base
Yun Yen scores
Jesús Reyes to third
Batting: RHB Ludovico Trezza 0-0: Intentional Walk
Batting: LHB Gonzalo Durán 0-0: Fly out, F9 (Flyball, 89M)
Runner from 3rd tags up, SCORES, throw made
Batting: RHB Bobby Buck 0-0: Foul Ball, location: 2F
0-1: Ball
1-1: Ball
2-1: Ball
3-1: Called Strike
3-2: Base on Balls
António Rivera to third
Ludovico Trezza to second
Batting: RHB José Muńóz 0-0: Ball
1-0: Fly out, F6 (Line Drive, 6)
Top of the 9th over - 2 run(s), 3 hit(s), 1 error(s), 3 left on base; Houston 7 - Alaskan 2
BOTTOM OF THE 9TH
Alaskan Humpbacks batting - Pitching for Houston BC : RHP Doug Ryan
Now at 3B: Paul Arthur
Batting: SHB Josef Koper 0-0: Called Strike
0-1: Swinging Strike
0-2: Fly out, F8 (Popup, 6D)
Batting: RHB Dave O'Day 0-0: Called Strike
0-1: Ball
1-1: Ball
2-1: Ball
3-1: Foul Ball, location: 2F
3-2: Ground out 6-3 (Groundball, 6)
Batting: RHB Thomas Vaughan 0-0: Ball
1-0: Foul Ball, location: 2F
1-1: Ball
2-1: Ball
3-1: Base on Balls
Batting: SHB Al Anderson 0-0: Ball
1-0: Ball
2-0: Ball
3-0: Called Strike
3-1: Called Strike
3-2: Foul Ball, location: 2F
3-2: Base on Balls
Thomas Vaughan to second
Batting: RHB Joe Craig 0-0: SINGLE (Groundball, 34D)
Thomas Vaughan to third
Al Anderson to second
Runner from 3rd tries for Home, SAFE, no throw or cutoff
Pitching: LHP Dave Montalvo
Batting: RHB Juan García 0-0: Ground out 5-3 (Groundball, 5)
Bottom of the 9th over - 1 run(s), 1 hit(s), 0 error(s), 2 left on base; Houston 7 - Alaskan 3
This league is powered by Out of the Park Baseball, the baseball management simulation game for PC, Mac and Linux
Friday, April 15th, 2016 - OOTP Baseball 16.9 Build 39